 Dungeon Crawl Stone Soup version 0.30-a0-364-gf6b3ef1049 (webtiles) character file.

Game seed: 3213143142474674170

130 bncvj the Shield-Bearer (level 4, 0/41 HPs)
             Began as a Minotaur Fighter on Nov 14, 2022.
             Slain by kurbalex's ghost (12 damage)
             ... on level 3 of the Dungeon.
             The game lasted 00:02:43 (2053 turns).

bncvj the Shield-Bearer (Minotaur Fighter)          Turns: 2053, Time: 00:02:43

Health: 0/41       AC:  7    Str: 23    XL:     4   Next: 89%
Magic:  3/3        EV: 10    Int:  5    God:
Gold:   162        SH:  5    Dex: 15    Spells: 3/3 levels left

rFire   . . .      SeeInvis .    a - +0 war axe
rCold   . . .      Faith    .    c - +0 buckler
rNeg    . . .      Spirit   .    b - +0 scale mail
rPois   .          Reflect  .    (helmet restricted)
rElec   .          Harm     .    (no cloak)
rCorr   .          Rampage  .    (no gloves)
Will    .....                    (no boots)
Stlth   ..........               (no amulet)
HPRegen 0.26/turn                g - +6 ring of dexterity
MPRegen 0.08/turn                (no ring)

@: no status effects
A: horns 2, retaliatory headbutt
a: no special abilities


You were on level 3 of the Dungeon.
You visited 1 branch of the dungeon, and saw 3 of its levels.

You collected 162 gold pieces.

Inventory:

Hand Weapons
 a - a +0 war axe (weapon)
Armour
 b - a +0 scale mail (worn)
 c - a +0 buckler (worn)
Jewellery
 g - a +6 ring of dexterity (left hand)
Wands
 h - a wand of flame (20)
Potions
 d - a potion of might
 e - a potion of cancellation
 f - a potion of brilliance {unknown}
 i - a potion of curing {unknown}
 j - a potion of resistance {unknown}


   Skills:
 + Level 4.4 Fighting
 + Level 3.4 Axes
 + Level 4.4 Armour
 + Level 2.0 Dodging
 + Level 4.4 Shields


You had 3 spell levels left.
You didn't know any spells.
Your spell library contained the following spells:

 Spells                   Type           Power      Damage    Failure   Level
 Sublimation of Blood     Necr           0%         N/A       95%         2
 Wereblood                Tmut           0%         N/A       95%         2
 Ozocubu's Armour         Ice            0%         N/A       99%         3
 Metabolic Englaciation   Hex/Ice        0%         N/A       100%        5
 Simulacrum               Ice/Necr       0%         N/A       100%        6
 Summon Hydra             Summ           0%         N/A       100%        7


Dungeon Overview and Level Annotations

Branches:
Dungeon (3/15)

Altars:

Annotations:
D:3 kurbalex's ghost, amateur MiFi


Innate Abilities, Weirdness & Mutations

You have a pair of horns on your head.
You reflexively headbutt those who attack you in melee.


Message History

You kill the dart slug!
No target in view!
No target in view!
No target in view!
Found a hand axe.
You see here a +0 hand axe.
A rat comes into view.
You slash the rat!
You kill the rat!
No target in view!
No target in view!
No target in view!
You see here a rat corpse.
Found a runed translucent door.
Found a scroll labelled FITOOGGONI.
Kurbalex's ghost turns its malevolent gaze towards you.
You see here a staff of conjuration.
You open the door. You barely miss kurbalex's ghost. Kurbalex's ghost hits you!
Kurbalex's ghost barely misses you. You furiously retaliate!
You headbutt kurbalex's ghost, but do no damage.
You hit kurbalex's ghost.
Kurbalex's ghost is lightly damaged.
Kurbalex's ghost hits you.
You hit kurbalex's ghost but do no damage.
You headbutt kurbalex's ghost.
Kurbalex's ghost is lightly damaged.
You block kurbalex's ghost's attack. x2
You barely miss kurbalex's ghost.
Kurbalex's ghost is lightly damaged.
Kurbalex's ghost hits you!
You are too injured to fight recklessly!
You closely miss kurbalex's ghost.
Kurbalex's ghost is lightly damaged.
Kurbalex's ghost hits you!
* * * LOW HITPOINT WARNING * * *
You hit kurbalex's ghost but do no damage.
Kurbalex's ghost is lightly damaged.
You block kurbalex's ghost's attack. Kurbalex's ghost hits you!
You die...

#.# #.# .# #.# #.# .#.#
#.# #.# .#. #.# #.# ###..
#######.### #.#####....
..........#####... ....#
#.#######.#P.#..## #.#.#
#.# #.#8?W@..####.#.# #.#
#.#P.#.|........# #.#
#.###########†###
###.##### #.# #.....# #.#
........###.#######.# #.#
#.#.###).....# #.# #.#
.##.#######..######.###.#
###..................)..#
########.###.######.#####


You could see kurbalex's ghost.

Vanquished Creatures
  An iguana (D:3)
  2 adders
  A worm (D:3)
  3 dart slugs
  3 orcs (D:3)
  7 endoplasms
  3 giant cockroaches
  4 goblins
  8 hobgoblins
  4 quokkas
  5 ball pythons
  7 bats
  4 frilled lizards
  8 kobolds
  15 rats
75 creatures vanquished.

Vanquished Creatures (others)
  2 plants (D:1)
2 creatures vanquished.

Grand Total: 77 creatures vanquished

Notes
Turn   | Place    | Note
-------+----------+-------------------------------------------
     0 | D:1      | bncvj the Minotaur Fighter began the quest for the Orb.
     0 | D:1      | Reached XP level 1. HP: 19/19 MP: 0/0
   117 | D:1      | Reached XP level 2. HP: 27/27 MP: 1/1
   323 | D:1      | Reached skill level 1 in Dodging
   689 | D:1      | Reached XP level 3. HP: 28/33 MP: 2/2
  1569 | D:3      | Reached XP level 4. HP: 40/40 MP: 3/3
  2039 | D:3      | Found a runed translucent door.
  2040 | D:3      | Noticed kurbalex's ghost (amateur MiFi)
  2053 | D:3      | Slain by kurbalex's ghost

Illustrated notes

Levels and vault maps discovered:
D:1:      grunt_arrival_crossed_arrows, layout_basic, serial_forest,
          infiniplex_forest_clump_small, infiniplex_forest_end_1,
          infiniplex_forest_end_2, infiniplex_forest_lined_2,
          infiniplex_forest_lined_corner, infiniplex_forest_clump_curved
D:2:      layout_loops_ring
D:3:      layout_loops_ring, gammafunk_ghost_grave

Skill      XL: |  1  2  3  4 |
---------------+-------------+-----
Dodging        | 1 2 |  2.0
Fighting       | 4 |  4.4
Armour         | 4 |  4.4
Shields        | 4 |  4.4
Axes           | 3 |  3.4

Action                   |  1- 3 |  4- 6 || total
-------------------------+-------+-------++-------
Melee: War axe           |    86 |    45 ||   131
       Headbutt          |    11 |     4 ||    15
  Use: Scroll            |     3 |     1 ||     4
Armor: Scale mail        |    35 |     9 ||    44
Dodge: Dodged            |    34 |    19 ||    53
Block: Buckler           |    16 |    11 ||    27

Table legend: (Time is in decaauts)
 A = Elapsed time spent in this place.
 B = Non-inter-level travel time spent in this place.
 C = Inter-level travel time spent in this place.
 D = Time resting spent in this place.
 E = Time spent auto-exploring this place.
 F = Levels seen in this place.
 G = Mean time per level.
                   A        B        C        D        E       F      G
               +--------+--------+--------+--------+--------+-----+--------+
         Total |   2102 |   2041 |     61 |      0 |   1667 |   3 |  700.7 |
       Dungeon |   2102 |   2041 |     61 |      0 |   1667 |   3 |  700.7 |
               +--------+--------+--------+--------+--------+-----+--------+

Top non-repeatable levels by time:
     D:1: 1005 daAuts
     D:2: 590 daAuts
     D:3: 506 daAuts
